AoeStats
← BigPlayJodway

Migration

504354738Analyzed
1v1 RM · 27d ago on Sep 5, 2026· 55m 1s· 2 players
Game mode
Random Map
Map size
132×132
Population
200
Speed
Normal
Resources
Standard
Victory
Conquest
Starting age
Dark Age
Ending age
Imperial Age
RankedLock teamsTeams togetherTeam positionsShared explorationLock speedFull tech treeHidden civsTurbo modeCheats
Victory
Defeat
🇨🇳 Portuguese · China
1090
+16
🇺🇸 Armenians · United States
1095
-16
卡卡卡
10:46 Feudal Age
14:32 Castle Age
12:29 Double-Bit Axe
13:20 Horse Collar
16:01 Wheelbarrow
21:05 Bow Saw
26:05 Pikeman
31:07 Imperial Age
29:10 Heavy Plow
30:23 Scale Barding Armor
30:43 Ballistics
30:31 Gambesons
30:44 Gold Mining
31:31 Stone Mining
31:24 Halberdier
33:03 Hand Cart
35:31 Stone Shaft Mining
35:14 Forging
35:47 Conscription
37:44 Chemistry
37:29 Scale Mail Armor
39:40 Crop Rotation
39:41 Siege Engineers
42:51 Elite Organ Gun
44:58 Masonry
49:54 Elite Caravel
52:31 Chain Mail Armor
52:52 Iron Casting
BigPlayJodway
3:47 Loom
11:50 Feudal Age
12:50 Double-Bit Axe
18:15 Castle Age
17:16 Fletching
17:37 Fishing Lines
18:26 Horse Collar
19:14 Medium Warships
20:01 Gold Mining
20:22 Bow Saw
20:04 Stone Mining
22:49 Gold Shaft Mining
22:57 Wheelbarrow
25:57 Loom
26:02 Town Watch
26:52 Bodkin Arrow
26:36 Pikeman
30:27 Cilician Fleet
30:49 Heavy Plow
31:15 Scale Mail Armor
34:36 Imperial Age
34:51 Capped Ram
34:56 Halberdier
35:58 Elite Composite Bowman
39:39 Conscription
38:52 Siege Ram
39:07 Light Cavalry
39:59 Bloodlines
44:32 Ballistics
44:58 Husbandry
49:00 Chemistry
53:19 Heavy Warships
52:55 Cavalier
Connection lost

Rejoining the realm…

Still unreachable

The connection could not be restored.

Session expired

The server has moved on; the page needs a fresh start.